 Dungeon Crawl Stone Soup version 0.29.1-15-g9cfb28693d (webtiles) character file.

Game seed: 2201230997262343022

28516 kotzaplot the Severer (level 13, -3/123 HPs)
             Began as a Minotaur Berserker on Apr 6, 2023.
             Was an Elder of Trog.
             Killed by divine providence
             ... invoked by a meliai
              (13 damage)
             ... on level 4 of the Lair of Beasts.
             The game lasted 01:04:55 (23198 turns).

kotzaplot the Severer (Minotaur Berserker)         Turns: 23198, Time: 01:04:55

Health: -3/123     AC: 23    Str: 33    XL:     13   Next: 10%
Magic:  12/12      EV:  9    Int:  2    God:    Trog [****..]
Gold:   1654       SH:  0    Dex: 18    Spells: 12/12 levels left

rFire   + . .      SeeInvis .   f - +2 battleaxe (freeze)
rCold   + . .      Faith    +   (shield currently unavailable)
rNeg    . . .      Spirit   .   z - +0 plate armour
rPois   .          Reflect  .   (helmet restricted)
rElec   .          Harm     .   s - +1 cloak {Stlth+}
rCorr   +          Rampage  .   w - +1 pair of gloves
Will    .....                   q - +0 pair of boots
Stlth   ..........              e - amulet of faith
HPRegen 0.30/turn               a - ring of Mobiom {rF+ rC+ rCorr Int-2 Dex+8}
MPRegen 0.13/turn               j - +6 ring of strength

@: lethally poisoned (-3 -> -11), studying Necromancy
A: horns 2, retaliatory headbutt
a: Renounce Religion, Berserk, Trog's Hand, Brothers in Arms


You were on level 4 of the Lair of Beasts.
You worshipped Trog.
Trog was greatly pleased with you.
You visited 4 branches of the dungeon, and saw 15 of its levels.
You also visited: Sewer.

You collected 1654 gold pieces.

Inventory:

Hand Weapons
 f - a +2 battleaxe of freezing (weapon)
Armour
 b - an orb of mayhem
 q - a +0 pair of boots (worn)
 s - a +1 cloak of stealth (worn)
 w - a +1 pair of gloves (worn)
 z - a +0 plate armour (worn)
Jewellery
 a - the ring of Mobiom (left hand) {rF+ rC+ rCorr Int-2 Dex+8}
   (You acquired it on level 1 of the Dungeon)

   [ring of protection from fire]

   Int:       It affects your intelligence (-2).
   Dex:       It affects your dexterity (+8).
   rF:        It protects you from fire.
   rC:        It protects you from cold.
   rCorr:     It protects you from acid and corrosion.
 e - an amulet of faith (around neck)
 j - a +6 ring of strength (right hand)
 x - the ring of Poasap {rC+ rCorr Stlth+}
   (You found it on level 9 of the Dungeon)

   [ring of protection from cold]

   rC:        It protects you from cold.
   rCorr:     It protects you from acid and corrosion.
   Stlth:     It makes you more stealthy.
 M - a ring of flight
Wands
 y - a wand of digging (11)
 A - a wand of flame (14)
 K - a wand of paralysis (13) (quivered)
 L - a wand of iceblast (10)
 R - a wand of polymorph (5)
Scrolls
 c - 4 scrolls of enchant weapon
 h - 9 scrolls of teleportation
 i - 3 scrolls of fear
 p - a scroll of brand weapon {unknown}
 r - 3 scrolls of blinking
 t - 4 scrolls of magic mapping
 v - a scroll of summoning {unknown}
 B - a scroll of vulnerability {unknown}
 E - 3 scrolls of torment
 F - 2 scrolls of butterflies {unknown}
 G - 4 scrolls of immolation
 I - 5 scrolls of amnesia
 Q - a scroll of enchant armour {unknown}
Potions
 d - 3 potions of attraction
 g - 3 potions of haste
 k - a potion of mutation {unknown}
 l - 3 potions of resistance
 m - 6 potions of curing
 n - 5 potions of lignification
 o - 2 potions of berserk rage
 u - 6 potions of flight
 C - a potion of ambrosia
 D - a potion of might {unknown}
 J - 2 potions of brilliance {unknown}
 N - a potion of degeneration {unknown}
 P - a potion of cancellation {unknown}
 S - 2 potions of heal wounds {unknown}
Miscellaneous
 H - a piece from Xom's chessboard (15/15)
 O - a phial of floods (inert)


   Skills:
 + Level 13.8 Fighting
 * Level 18.7 Axes
 + Level 13.6 Armour
 - Level 2.1 Dodging


You had 12 spell levels left.
You didn't know any spells.
Your spell library contained the following spells:

 Spells                   Type           Power      Damage    Failure   Level
 Apportation              Tloc           0%         N/A       97%         1
 Freeze                   Ice            0%         1d3       97%         1
 Necrotise                Necr           0%         1d4       97%         1
 Sandblast                Erth           0%         2d4       97%         1
 Sting                    Tmut/Pois      0%         1d3       97%         1
 Summon Small Mammal      Summ           0%         N/A       97%         1
 Passwall                 Tmut/Erth      0%         N/A       99%         2
 Poisonous Vapours        Pois/Air       0%         N/A       99%         2
 Frozen Ramparts          Ice            0%         1d1       100%        3
 Ozocubu's Armour         Ice            0%         N/A       100%        3
 Stone Arrow              Conj/Erth      0%         3d7       100%        3
 Summon Guardian Golem    Hex/Summ       0%         N/A       100%        3
 Tukima's Dance           Hex            0%         N/A       100%        3
 Hailstorm                Conj/Ice       0%         3d3       100%        4
 Olgreb's Toxic Radiance  Pois           0%         N/A       100%        4
 Passage of Golubria      Tloc           0%         N/A       100%        4
 Fireball                 Conj/Fire      0%         3d3       100%        5
 Iskenderun's Battlesphe  Conj           0%         2d6       100%        5
 Yara's Violent Unravell  Hex/Tmut       0%         3d3       100%        5
 Conjure Ball Lightning   Conj/Air       0%         3x3d6     100%        6
 Dispersal                Tloc           0%         N/A       100%        6
 Orb of Destruction       Conj           0%         9d5       100%        7
 Ozocubu's Refrigeration  Ice            0%         4d7       100%        7
 Spellforged Servitor     Conj/Summ      0%         N/A       100%        7
 Disjunction              Tloc           0%         N/A       100%        8


Dungeon Overview and Level Annotations

Branches:
Dungeon (9/15)             Temple (1/1) D:4            Lair (4/5) D:9
 Shoals (1/4) Lair:2       Spider (0/4) Lair:3        Sewer (visited)
  Slime: Lair:4-5       Orc: D:9-12

Altars:
Ashenzari
Cheibriados
Dithmenos
Elyvilon
Fedhas
Gozag
Hepliaklqana
Kikubaaqudgha
Makhleb
Nemelex Xobeh
Okawaru
Qazlal
Ru
Sif Muna
Trog
Uskayaw
Vehumet
Wu Jian
Xom
Yredelemnul
Zin
The Shining One
Lugonu

Shops:
D:6 [

Portals:
Abyss: Lair:3


Innate Abilities, Weirdness & Mutations

You have a pair of horns on your head.
You reflexively headbutt those who attack you in melee.


Message History

You see here a killer bee corpse.
You closely miss the queen bee. You headbutt the queen bee.
The queen bee is lightly wounded.
You miss the killer bee.
You feel very sick.
The killer bee stings you but does no damage.
The killer bee stings you. x2; The queen bee stings you!
You closely miss the killer bee. Your headbutt misses the killer bee.
You barely miss the queen bee. You closely miss the killer bee.
You feel very sick. The killer bee stings you.
The killer bee barely misses you. x2
The killer bee stings you.
* * * LOW HITPOINT WARNING * * *
The killer bee stings you.
* * * LOW HITPOINT WARNING * * *
The killer bee closely misses you.
There are monsters nearby!
There are monsters nearby!
Unknown command.
You hit the queen bee but do no damage.
The queen bee is lightly wounded.
You slash the killer bee! You freeze the killer bee. You slice the killer bee!!
You freeze the killer bee.
You kill the killer bee!
Trog accepts your kill.
You feel very sick.
The killer bee stings you but does no damage.
The meliai calls down the wrath of its god upon you.
Something smites you!
* * * LOW HITPOINT WARNING * * *
The queen bee closely misses you. You furiously retaliate!
You headbutt the queen bee.
The killer bee stings you but does no damage.
You hit the queen bee but do no damage.
The queen bee is lightly wounded.
You miss the killer bee.
You feel sick. The killer bee stings you.
* * * LOW HITPOINT WARNING * * *
The meliai calls down the wrath of its god upon you.
Something smites you!
You die...

♣♣.........####..#.......
♣..####.#######.........
♣### #.# ...#.#.>.....
### †!!†#.........
y..†#......... ##
###yyy†.#......... .
#.##.#yyy..#......... ..
#...yyyyy..#........P
♣..##.†@# ###.........
#.....†.####............
.#........#.............
##...................###
.............#####....#
............#.# ##..##
.......##....#####...##P
.......###.#..PP#.......
........##.#P...........


You could see a queen bee, 3 meliai and 8 killer bees.

Vanquished Creatures
  Kirke (Lair:4)
  2 hydras
  2 boulder beetles
  Amaemon (D:8)
  A wizard (D:9)
  A wolf spider (Lair:3)
  A cyclops (D:9)
  An elephant (D:9)
  A torpor snail (Lair:1)
  10 cane toads
  A black mamba (Lair:3)
  An orange demon (D:8)
  Maurice (D:8)
  A gargoyle (D:9)
  A rime drake (Lair:2)
  7 komodo dragons
  6 trolls
  2 polar bears (Lair:2)
  23 blink frogs
  A snapping turtle (Lair:2)
  Grinder (D:6)
  A slime creature (D:9)
  A jumping spider (Lair:3)
  A culicivora (Lair:3)
  2 wraiths (D:9)
  4 wyverns
  3 basilisks
  12 yaks
  3 hogs (Lair:4)
  3 vampire mosquitoes (D:7)
  A redback (Lair:3)
  Menkaure (D:6)
  4 steam dragons
  7 water moccasins
  3 orc warriors
  A sky beast (D:7)
  An ice beast (D:5)
  3 black bears
  An ogre (D:6)
  A tengu (shapeshifter) (D:9)
  3 wolves (Lair:2)
  A boggart (D:9)
  3 centaurs
  2 phantoms
  2 kobold brigands
  10 bullfrogs
  Blork the orc (D:5)
  A gnoll sergeant (D:8)
  2 necrophages
  A scorpion (D:6)
  4 wights (D:7)
  12 killer bees
  4 howler monkeys
  5 hounds
  Crazy Yiuf (D:6)
  8 orc priests
  Terence (D:2)
  Ijyb (D:4)
  An iguana (D:4)
  A merfolk siren (Sewer)
  5 orc wizards
  A merfolk avatar (Sewer)
  12 gnolls
  13 adders
  2 river rats (Sewer)
  6 worms
  4 dart slugs
  32 orcs
  4 endoplasms
  3 giant cockroaches
  7 goblins
  6 hobgoblins
  A jackal (D:4)
  6 quokkas
  20 ball pythons
  7 bats
  5 frilled lizards
  10 kobolds
  26 rats
  A plant (Lair:1)
354 creatures vanquished.

Vanquished Creatures (others)
  A human (Lair:4)
  An orc wizard (D:6)
  2 orcs (D:6)
  43 fungi
  3 lurking horrors (Lair:3)
  39 plants
89 creatures vanquished.

Grand Total: 443 creatures vanquished

Notes
Turn   | Place    | Note
-------+----------+-------------------------------------------
     0 | D:1      | kotzaplot the Minotaur Berserker began the quest for the
                  | Orb.
     0 | D:1      | Reached XP level 1. HP: 19/19 MP: 0/0
    54 | D:1      | Found a faded altar of an unknown god.
   585 | D:1      | Reached skill level 4 in Axes
   585 | D:1      | Reached XP level 2. HP: 16/27 MP: 1/1
  1169 | D:1      | Identified 3 scrolls of acquirement
  1169 | D:1      | Acquired a +2 battleaxe of freezing
  1276 | D:1      | Acquired the ring of Mobiom {rF+ rC+ rCorr Int-2 Dex+8}
  1280 | D:1      | Acquired 823 gold pieces
  1414 | D:2      | Noticed Terence
  1419 | D:2      | Killed Terence
  1420 | D:2      | Reached XP level 3. HP: 33/33 MP: 2/2
  1733 | D:2      | Reached ** piety under Trog
  1957 | D:3      | Reached XP level 4. HP: 38/40 MP: 3/3
  2010 | D:3      | Reached skill level 5 in Axes
  2096 | D:3      | Found a glowing drain.
  2128 | Sewer    | Entered a sewer
  2734 | Sewer    | Reached XP level 5. HP: 27/47 MP: 4/4
  3932 | D:3      | Reached skill level 6 in Axes
  4329 | D:3      | Reached *** piety under Trog
  4390 | D:3      | Reached skill level 5 in Fighting
  4393 | D:3      | Identified the ring of Past Mistakes {Str+2 Int+6}
  4454 | D:3      | Found a hazy altar of Hepliaklqana.
  4552 | D:4      | Found a staircase to the Ecumenical Temple.
  4567 | Temple   | Entered the Ecumenical Temple
  4663 | D:4      | Noticed Ijyb
  4671 | D:4      | Killed Ijyb
  4696 | D:4      | Reached XP level 6. HP: 56/56 MP: 5/5
  5525 | D:4      | Noticed a steam dragon
  5532 | D:4      | Killed a steam dragon
  5533 | D:4      | Reached skill level 7 in Axes
  5533 | D:4      | Reached skill level 5 in Armour
  5538 | D:4      | Reached XP level 7. HP: 62/62 MP: 6/6
  6129 | D:5      | Entered Level 5 of the Dungeon
  6162 | D:5      | Noticed Blork the orc
  6175 | D:5      | Killed Blork the orc
  6184 | D:5      | Reached skill level 8 in Axes
  6918 | D:5      | Reached XP level 8. HP: 71/71 MP: 7/7
  7226 | D:5      | Reached skill level 9 in Axes
  7278 | D:5      | Found an ancient bone altar of Kikubaaqudgha.
  7283 | D:5      | Found a hide-covered altar of Uskayaw.
  7283 | D:5      | Found a sacrificial altar of Ru.
  7301 | D:5      | Found a white marble altar of Elyvilon.
  7305 | D:5      | Found a stormy altar of Qazlal.
  7469 | D:6      | Noticed Grinder
  7478 | D:6      | Paralysed by Grinder for 3 turns
  7482 | D:6      | Killed Grinder
  7483 | D:6      | Reached skill level 10 in Axes
  7724 | D:6      | Noticed Menkaure
  8278 | D:6      | Killed Menkaure
  8447 | D:6      | Reached XP level 9. HP: 81/81 MP: 8/8
  8814 | D:6      | Found a sparkling altar of Nemelex Xobeh.
  9316 | D:6      | Found Unkydato's Antique Armour Shoppe.
  9481 | D:6      | Found a runed translucent door.
  9482 | D:6      | Noticed Crazy Yiuf
  9487 | D:6      | Killed Crazy Yiuf
  9582 | D:7      | Reached skill level 11 in Axes
  9932 | D:7      | Noticed a troll
  9945 | D:7      | Killed a troll
 10417 | D:7      | Noticed a troll
 10424 | D:7      | Killed a troll
 10428 | D:7      | Reached skill level 12 in Axes
 10855 | D:7      | Found a basalt altar of Yredelemnul.
 11341 | D:7      | Reached XP level 10. HP: 74/91 MP: 9/9
 11825 | D:7      | Found a burning altar of Makhleb.
 12113 | D:8      | Reached skill level 13 in Axes
 12603 | D:8      | Noticed Amaemon
 12605 | D:8      | Noticed an orange demon
 12629 | D:8      | Killed an orange demon
 12637 | D:8      | Killed Amaemon
 12638 | D:8      | Reached skill level 10 in Fighting
 12811 | D:8      | Noticed Maurice
 12852 | D:8      | Killed Maurice
 13000 | D:8      | Reached skill level 10 in Armour
 13355 | D:9      | Reached skill level 14 in Axes
 13443 | D:9      | Noticed a gargoyle
 13446 | D:9      | Killed a gargoyle
 13449 | D:9      | Noticed a cyclops
 13454 | D:9      | Noticed a wizard
 13463 | D:9      | Killed a wizard
 13464 | D:9      | Reached XP level 11. HP: 95/101 MP: 10/10
 13779 | D:9      | Identified the ring of Poasap {rC+ rCorr Stlth+}
 13909 | D:9      | Found a staircase to the Lair.
 13926 | D:9      | Reached skill level 15 in Axes
 14043 | D:9      | Reached **** piety under Trog
 14916 | D:9      | Noticed a boulder beetle
 14921 | D:9      | Killed a boulder beetle
 15741 | Lair:1   | Entered Level 1 of the Lair of Beasts
 16060 | Lair:1   | Reached skill level 16 in Axes
 16761 | Lair:1   | Noticed a six-headed hydra
 16771 | Lair:1   | Killed a 12-headed hydra
 16774 | Lair:1   | Reached XP level 12. HP: 111/112 MP: 11/11
 18237 | Lair:2   | Reached skill level 17 in Axes
 19276 | Lair:2   | Found a staircase to the Shoals.
 19860 | Shoals:1 | Entered Level 1 of the Shoals
 19860 | Shoals:1 | Noticed a merfolk avatar
 20323 | Lair:3   | Found a one-way gate to the infinite horrors of the Abyss.
 20324 | Lair:3   | Found a corrupted altar of Lugonu.
 20868 | Lair:3   | Found a hole to the Spider Nest.
 21538 | Lair:4   | Noticed a boulder beetle
 21551 | Lair:4   | Killed a boulder beetle
 21567 | Lair:4   | Reached skill level 18 in Axes
 21885 | Lair:4   | Noticed a five-headed hydra
 21895 | Lair:4   | Killed a seven-headed hydra
 22384 | Lair:4   | Noticed Kirke
 22405 | Lair:4   | Killed Kirke
 22750 | Lair:4   | Reached XP level 13. HP: 123/123 MP: 12/12
 23198 | Lair:4   | Killed from afar by a meliai

Illustrated notes

Levels and vault maps discovered:
D:1:      heliophobic_arrival_battle_scene, layout_basic,
          chequers_ecumenical_altar_island, dreamdust_mushroom_princess,
          minmay_misc_feat_cross
D:2:      layout_basic, uniq_terence
D:3:      minmay_spotlight, layout_basic, lemuel_coloured_pillars_altar,
          cheibrodos_sewer_entry_bend, eino_tiny_chamber
D:4:      cheibrodos_barr_body, layout_basic, serial_aquarium,
          aquarium_bridge_straight [aquarium_subvault_bridge,
          aquarium_subvault_window, aquarium_subvault_bridge,
          aquarium_subvault_wall], aquarium_window_corridor_3,
          aquarium_window_2, aquarium_window_fake, aquarium_window_corner,
          aquarium_view_2f, aquarium_view_2d, uniq_ijyb
D:5:      nicolae_cairo_tiling_large_dashed, layout_rooms,
          minmay_overflow_temple_star_hex, glass_columns_a, uniq_blork_the_orc
D:6:      layout_gridville, nemelex_dance_club_becter, serial_shops,
          nicolae_shop_behind_doors, minmay_manual_monolith, uniq_menkaure,
          uniq_crazy_yiuf_cottage, uniq_grinder
D:7:      layout_cave_pods, yredelemnul_altar_generic, makhleb_heckhound_becter
D:8:      layout_rooms, uniq_maurice, uniq_amaemon
D:9:      minmay_the_grid_triangle_9x9_recursive_2
          [minmay_the_grid_triangle_9x9_prize_top_heavy,
          minmay_the_grid_triangle_9x9_zippers_horizontal,
          minmay_the_grid_triangle_9x9_sprig,
          minmay_the_grid_triangle_9x9_empty], layout_basic, david_lair_generic
Temple:   nicolae_temple_god_jail
Lair:1:   layout_loops_ring, serial_bayou_shore_a
Lair:2:   layout_regular_city, minmay_shoals_entry_hut
Lair:3:   layout_cellular_growth, spider_nest_entry_funnel_web, serial_forest,
          infiniplex_forest_clump_curved, infiniplex_forest_clump_medium,
          infiniplex_forest_zigzag_2, infiniplex_forest_end_1,
          infiniplex_forest_clump_small, infiniplex_forest_straight_2,
          amcnicky_altar_lugonu_corruption
Lair:4:   layout_layer_cave, special_room [special_room_bee],
          gammafunk_lair_bear_cave, uniq_kirke
Shoals:1: argonaut_golden_fleece, layout_shoals, uniq_nikola

Skill      XL: |  1  2  3  4  5  6  7  8  9 10 11 12 |
---------------+-------------------------------------+-----
Axes           | 4 5 6 7 8 10 12 14 16 18 | 18.7
Fighting       | 4 5 6 7 9 10 12 13 | 13.8
Armour         | 3 4 5 6 7 9 10 12 13 | 13.6
Dodging        | |  2.1

Action                   |  1- 3 |  4- 6 |  7- 9 | 10-12 | 13-15 || total
-------------------------+-------+-------+-------+-------+-------++-------
Melee: Hand axe          |    26 |       |       |       |       ||    26
       Headbutt          |     7 |    21 |    27 |    78 |     6 ||   139
       Battleaxe         |    16 |   127 |   138 |   354 |    33 ||   668
Throw: Throwing net      |       |       |       |     2 |       ||     2
Invok: Berserk           |       |     5 |    10 |    15 |       ||    30
       Trog's Hand       |       |     3 |     2 |     6 |       ||    11
Evoke: Wand              |       |       |       |     5 |       ||     5
       Phial of floods   |       |       |       |     1 |       ||     1
  Use: Scroll            |     7 |       |     6 |     4 |       ||    17
 Stab: Sleeping          |     5 |       |     2 |       |       ||     7
Armor: Animal skin       |     7 |       |       |       |       ||     7
       Scale mail        |     2 |    70 |       |       |       ||    72
       Ring mail         |       |       |    73 |    52 |       ||   125
       Steam dragon scal |       |       |     1 |       |       ||     1
       Plate armour      |       |       |       |   185 |    24 ||   209
Dodge: Dodged            |    32 |    89 |   116 |   150 |    26 ||   413
